 Dungeon Crawl Stone Soup version 0.29.0-10-g45618ea6d2 (webtiles) character file.

Game seed: 6231349718342879015

34947 concernfroge the Bludgeoner (level 13, -1/103 HPs)
             Began as a Mummy Monk on Sept 2, 2022.
             Was an Elder of Cheibriados.
             Slain by a cane toad (16 damage)
             ... on level 5 of the Lair of Beasts.
             The game lasted 01:09:02 (17395 turns).

concernfroge the Bludgeoner (Mummy Monk)           Turns: 17395, Time: 01:09:03

Health: -1/103     AC: 20    Str: 28    XL:     13   Next: 44%
Magic:  14/19      EV:  8    Int: 19    God:    Cheibriados [****..]
Gold:   429        SH:  0    Dex: 23    Spells: 12/12 levels left

rFire   x . .      SeeInvis .   a - +0 great mace
rCold   + . .      Faith    .   (shield currently unavailable)
rNeg    + + +      Spirit   .   q - +0 plate armour
rPois   ∞          Reflect  .   d - +1 helmet
rElec   .          Harm     .   C - +1 cloak
rCorr   .          Rampage  .   y - +2 pair of gloves
Will    ++...                   p - +2 pair of boots
Stlth   ..........              H - amulet of regeneration
HPRegen 1.07/turn               L - ring of willpower
MPRegen 0.16/turn               M - +4 ring of slaying

@: very slow
A: cold resistance 1, negative energy resistance 3, torment resistance 2, heat
vulnerability 1, in touch with death 2, no potions
a: Renounce Religion, Bend Time, Temporal Distortion, Slouch


You were on level 5 of the Lair of Beasts.
You worshipped Cheibriados.
Cheibriados was greatly pleased with you.
You visited 3 branches of the dungeon, and saw 17 of its levels.

You collected 759 gold pieces.
You spent 330 gold pieces at shops.

Inventory:

Hand Weapons
 a - a +0 great mace (weapon)
 b - a +0 scimitar of flaming
 F - a +0 morningstar
 I - the +10 short sword of Ravage {drain, Will++ MP+9}
   (You took it off a centaur on level 6 of the Dungeon)

   A truly terrible weapon, it drains the life of any living foe it strikes.
   MP:        It affects your magic capacity (+9).
   Will:      It greatly increases your willpower.
Missiles
 i - 27 poisoned darts
 j - 3 curare-tipped darts
 o - 6 atropa-tipped darts (quivered)
 s - 11 boomerangs
 K - 14 silver boomerangs
Armour
 d - a +1 helmet (worn)
 p - a +2 pair of boots (worn)
 q - a +0 plate armour (worn)
 y - a +2 pair of gloves (worn)
 C - a +1 cloak (worn)
Jewellery
 h - a ring of flight
 t - a +4 ring of evasion
 v - a +6 ring of strength
 w - an amulet of reflection
 H - an amulet of regeneration (around neck)
 L - a ring of willpower (left hand)
 M - a +4 ring of slaying (right hand)
 N - a +4 ring of evasion
Wands
 g - a wand of flame (9)
 D - a wand of quicksilver (2)
 P - a wand of roots (3)
Scrolls
 c - a scroll of torment
 e - 6 scrolls of teleportation
 f - 2 scrolls of vulnerability
 k - 2 scrolls of noise
 m - 7 scrolls of identify
 n - a scroll of amnesia
 r - a scroll of poison
 u - 6 scrolls of immolation
 A - 5 scrolls of enchant weapon
 B - 2 scrolls of summoning
 G - 2 scrolls of magic mapping
 J - a scroll of fog
Miscellaneous
 l - a phial of floods
 E - a condenser vane
 O - a lightning rod (4/4)


   Skills:
 - Level 10.0 Fighting
 + Level 15.9 Maces & Flails
 - Level 2.4 Polearms
 - Level 2.4 Dodging
 - Level 1.5 Stealth
 - Level 9.0 Invocations


You had 12 spell levels left.
You didn't know any spells.
Your spell library contained the following spells:

 Spells                   Type           Power      Damage    Failure   Level
 Blink                    Tloc           0%         N/A       99%         2
 Dazzling Flash           Conj/Hex       0%         N/A       100%        3
 Lesser Beckoning         Tloc           0%         N/A       100%        3
 Ozocubu's Armour         Ice            0%         N/A       100%        3
 Summon Guardian Golem    Hex/Summ       0%         N/A       100%        3
 Cause Fear               Hex            0%         N/A       100%        4
 Iskenderun's Mystic Bla  Conj/Tloc      0%         2d3       100%        4
 Manifold Assault         Tloc           0%         N/A       100%        5
 Metabolic Englaciation   Hex/Ice        0%         N/A       100%        5
 Simulacrum               Ice/Necr       0%         N/A       100%        6
 Starburst                Conj/Fire      0%         6d3       100%        6
 Orb of Destruction       Conj           0%         9d5       100%        7
 Spellforged Servitor     Conj/Summ      0%         N/A       100%        7
 Dragon's Call            Summ           0%         N/A       100%        9
 Dragon Form              Tmut           Unusable   N/A       N/A         7

Dungeon Overview and Level Annotations

Branches:
Dungeon (11/15)            Temple (1/1) D:6            Lair (5/5) D:8
 Shoals (0/4) Lair:3       Spider (0/4) Lair:3        Slime (0/5) Lair:4
    Orc: D:9-12

Altars:
Ashenzari
Cheibriados
Dithmenos
Fedhas
Gozag
Hepliaklqana
Kikubaaqudgha
Makhleb
Nemelex Xobeh
Okawaru
Qazlal
Ru
Sif Muna
Trog
Uskayaw
Vehumet
Wu Jian
Xom
Yredelemnul
Jiyva

Shops:
D:6 :=   D:7 *

Annotations:
D:6 2 transporters
D:10 6 runed translucent doors
Lair:1 1 runed translucent door, pigah's ghost, journeyman OpAE


Innate Abilities, Weirdness & Mutations

You are immune to poison.
Your flesh is cold resistant. (rC+)
You are immune to negative energy. (rN+++)
You are immune to unholy pain and torment.
You are vulnerable to heat. (rF-)
You are strongly in touch with the powers of death.
You do not drink.


Message History

The cane toad barely misses you.
The cane toad stings you but does no damage.
You barely miss the cane toad. The cane toad closely misses you.
The cane toad stings you! The flow of time bends around you.
Cheibriados rebukes the cane toad.
The cane toad seems to slow down.
Cheibriados rebukes the cane toad.
The cane toad seems to slow down.
The cane toad stings you!
You bludgeon the cane toad!!
The cane toad is severely wounded.
The cane toad stings you!
You bludgeon the cane toad!!
You kill the cane toad!
Cheibriados thoroughly appreciates the change of pace.
The cane toad closely misses you.
You bludgeon the cane toad!!
The cane toad is heavily wounded.
The cane toad stings you.
The cane toad stings you but does no damage.
The flow of time bends around you.
Cheibriados rebukes the cane toad.
The cane toad seems to slow down.
Cheibriados rebukes the cane toad.
The cane toad seems to slow down.
The cane toad stings you.
You barely miss the cane toad. The cane toad stings you! x2
You hit the cane toad but do no damage. The cane toad stings you.
* * * LOW HITPOINT WARNING * * *
You hit the cane toad.
The cane toad is lightly wounded.
The cane toad barely misses you.
You bludgeon the cane toad!!
The cane toad is heavily wounded.
The cane toad stings you but does no damage. x2
You completely miss the cane toad.
The cane toad is heavily wounded.
The cane toad stings you!
* * * LOW HITPOINT WARNING * * *
The cane toad stings you!
You die...

.... ....... <...
....... .... ...... ...
....# ####.##...### ####
###.P....#....#.
#..###......†FF......
###....P.......@#......
##....P..............#
#.....####.#...##..##...
###...#########....#
#..#...#P#..(#.P...##
....................#
.......................
..#..#..##.#.####...#.#
##.#..#####..# ######


You could see 2 cane toads.

Vanquished Creatures
  Gastronok (Lair:2)
  Josephine (D:10)
  2 hydras (Lair:4)
  2 boulder beetles
  6 death yaks
  Erica (D:10)
  2 two-headed ogres (D:11)
  A deep elf pyromancer (D:11)
  A cyclops (D:10)
  Joseph (D:7)
  14 cane toads
  Maggie (Lair:2)
  An unseen horror (D:10)
  2 rime drakes (Lair:2)
  9 komodo dragons
  A queen bee (Lair:4)
  2 trolls
  3 meliai (Lair:4)
  2 hornets (D:8)
  A polar bear (Lair:3)
  Prince Ribbit (D:6)
  5 wraiths
  2 wyverns
  Eustachio (D:6)
  3 fire bats (Lair:1)
  32 yaks
  2 basilisks
  2 redbacks (D:10)
  Edmund (D:6)
  9 water moccasins
  3 orc warriors
  4 ice beasts
  2 black bears
  2 ogres
  11 wolves
  7 centaurs
  3 kobold brigands
  A phantom (D:4)
  14 bullfrogs
  2 necrophages (D:7)
  2 gnoll sergeants
  2 scorpions
  9 wights
  37 killer bees
  7 howler monkeys
  2 hounds
  A lava snake (Lair:1)
  A gnoll bouda (D:5)
  6 orc priests
  Crazy Yiuf (D:6)
  2 iguanas (D:5)
  13 orc wizards
  Robin (D:2)
  15 gnolls
  4 adders
  A shadow imp (D:7)
  2 white imps
  2 ufetubi
  2 worms (D:2)
  2 dart slugs
  43 orcs
  9 ball pythons
  10 bats
  5 endoplasms
  A giant cockroach (D:1)
  9 goblins
  11 hobgoblins
  19 kobolds
  4 quokkas
  2 frilled lizards
  5 rats
  A spectral orc (D:7)
392 creatures vanquished.

Vanquished Creatures (others)
  A bush (Lair:5)
  24 fungi
  35 plants
60 creatures vanquished.

Grand Total: 452 creatures vanquished

Notes
Turn   | Place    | Note
-------+----------+-------------------------------------------
     0 | D:1      | concernfroge the Mummy Monk began the quest for the Orb.
     0 | D:1      | Reached XP level 1. HP: 18/18 MP: 1/1
     2 | D:1      | Noticed a vampire
     2 | D:1      | Noticed a felid
     4 | D:1      | Noticed a troll
     6 | D:1      | Noticed a formicid
     6 | D:1      | Noticed a minotaur
     8 | D:1      | Noticed a ghoul
     8 | D:1      | Noticed a merfolk
    10 | D:1      | Noticed a gargoyle
    13 | D:1      | Noticed an ogre
    15 | D:1      | Noticed a spriggan
    15 | D:1      | Noticed a palentonga
    17 | D:1      | Noticed an elf
    17 | D:1      | Noticed a meteoran
    19 | D:1      | Noticed a naga
    19 | D:1      | Noticed a demonspawn
    21 | D:1      | Noticed a demigod
    21 | D:1      | Noticed an octopode
    23 | D:1      | Noticed a vine stalker
    23 | D:1      | Noticed a human
    25 | D:1      | Noticed a draconian
    27 | D:1      | Noticed a draconian
   414 | D:1      | Reached XP level 2. HP: 24/24 MP: 2/2
  1290 | D:2      | Gained mutation: You are in touch with the powers of death.
                  | [Mummy growth]
  1290 | D:2      | Reached XP level 3. HP: 19/30 MP: 3/3
  1422 | D:2      | Noticed Robin
  2329 | D:3      | Noticed a wight
  2340 | D:3      | Killed a wight
  2341 | D:3      | Reached skill level 5 in Fighting
  2341 | D:3      | Reached XP level 4. HP: 37/39 MP: 4/4
  2370 | D:3      | Reached XP level 5. HP: 40/46 MP: 5/5
  2692 | D:3      | Found a hide-covered altar of Uskayaw.
  2774 | D:2      | Reached XP level 6. HP: 50/53 MP: 6/6
  2780 | D:2      | Killed Robin
  2855 | D:2      | Found a sparkling altar of Nemelex Xobeh.
  3797 | D:4      | Reached XP level 7. HP: 27/62 MP: 7/7
  4355 | D:5      | Entered Level 5 of the Dungeon
  4713 | D:5      | Reached XP level 8. HP: 72/72 MP: 8/8
  4935 | D:5      | Reached skill level 10 in Fighting
  4941 | D:5      | Reached skill level 1 in Maces & Flails
  5314 | D:5      | Reached skill level 2 in Maces & Flails
  5660 | D:6      | Reached skill level 3 in Maces & Flails
  5793 | D:6      | Found a transporter.
  5812 | D:6      | Found a staircase to the Ecumenical Temple.
  5823 | Temple   | Entered the Ecumenical Temple
  5998 | Temple   | Became a worshipper of Cheibriados the Contemplative
  5998 | Temple   | Reached * piety under Cheibriados
  5998 | Temple   | Reached ** piety under Cheibriados
  6108 | D:6      | Noticed a kobold demonologist
  6109 | D:6      | Noticed a kobold demonologist
  6114 | D:6      | Found a transporter.
  6117 | D:6      | Identified the +10 short sword of Ravage {drain, Will++
                  | MP+9}
  6127 | D:6      | Reached skill level 1 in Invocations
  6330 | D:6      | Found Anol's Book Emporium.
  6377 | D:6      | Noticed Edmund
  6392 | D:6      | Killed Edmund
  6474 | D:6      | Noticed Prince Ribbit
  6478 | D:6      | Noticed Eustachio
  6483 | D:6      | Killed Prince Ribbit
  6484 | D:6      | Reached skill level 4 in Maces & Flails
  6489 | D:6      | Killed Eustachio
  6492 | D:6      | Found Famoufraog's Jewellery Shop.
  6686 | D:6      | Found a runed translucent door.
  6687 | D:6      | Noticed Crazy Yiuf
  6696 | D:6      | Killed Crazy Yiuf
  7031 | D:6      | Reached XP level 9. HP: 78/78 MP: 11/11
  7363 | D:7      | Found a basalt altar of Yredelemnul.
  7549 | D:7      | Reached skill level 5 in Maces & Flails
  7741 | D:7      | Found Wudoc's Blasphemy Boutique.
  7941 | D:7      | Reached skill level 6 in Maces & Flails
  8006 | D:7      | Noticed Joseph
  8024 | D:7      | HP: 3/78 [Joseph/+3 spectral quarterstaff (6)]
  8025 | D:7      | Killed Joseph
  8374 | D:7      | Reached skill level 7 in Maces & Flails
  8382 | D:7      | Found a hazy altar of Hepliaklqana.
  8386 | D:7      | Found an opulent altar of Gozag.
  8386 | D:7      | Found an iron altar of Okawaru.
  8610 | D:7      | Reached *** piety under Cheibriados
  8931 | D:8      | Found a shimmering blue altar of Sif Muna.
  8988 | D:8      | Reached skill level 8 in Maces & Flails
  9050 | D:8      | Reached XP level 10. HP: 22/85 MP: 13/13
  9495 | D:8      | Found a staircase to the Lair.
 10117 | D:9      | Reached skill level 5 in Invocations
 10169 | D:9      | Reached **** piety under Cheibriados
 10353 | D:9      | Identified the +0 leather armour of Udotwiomm {rPois rN++
                  | Str-5}
 10660 | D:9      | Found an ancient bone altar of Kikubaaqudgha.
 10876 | D:6      | Bought an amulet of regeneration for 330 gold pieces
 10955 | D:10     | Entered Level 10 of the Dungeon
 11005 | D:10     | Noticed Erica
 11019 | D:10     | Killed Erica
 11020 | D:10     | Reached skill level 9 in Maces & Flails
 11026 | D:10     | Noticed Josephine
 11034 | D:10     | Killed Josephine
 11069 | D:10     | Found a broken altar of Ashenzari.
 11088 | D:10     | Reached XP level 11. HP: 85/90 MP: 16/16
 11128 | D:10     | Reached ***** piety under Cheibriados
 11233 | D:10     | Found a radiant altar of Vehumet.
 11281 | D:10     | Reached skill level 10 in Maces & Flails
 11427 | D:10     | Found a shadowy altar of Dithmenos.
 11560 | D:10     | Found a runed translucent door.
 11600 | D:10     | Found a runed translucent gate.
 11600 | D:10     | Found a runed translucent gate.
 11600 | D:10     | Noticed a boulder beetle
 11601 | D:10     | Found a runed translucent gate.
 11601 | D:10     | Found a runed translucent gate.
 11601 | D:10     | Found a runed translucent gate.
 11601 | D:10     | Noticed a lindwurm
 11603 | D:10     | Found a runed translucent gate.
 12079 | D:11     | Noticed a two-headed ogre
 12087 | D:11     | Killed a two-headed ogre
 12088 | D:11     | Noticed a deep elf pyromancer
 12094 | D:11     | Killed a deep elf pyromancer
 12156 | D:11     | Noticed a two-headed ogre
 12161 | D:11     | Killed a two-headed ogre
 13161 | Lair:1   | Entered Level 1 of the Lair of Beasts
 13263 | Lair:1   | Reached skill level 11 in Maces & Flails
 13628 | Lair:1   | Reached skill level 12 in Maces & Flails
 13659 | Lair:1   | Reached XP level 12. HP: 97/97 MP: 18/18
 13748 | Lair:1   | Found a runed translucent door.
 14032 | Lair:1   | Noticed pigah's ghost (journeyman OpAE)
 14466 | Lair:2   | Noticed Gastronok
 14474 | Lair:2   | Killed Gastronok
 14475 | Lair:2   | Reached skill level 13 in Maces & Flails
 14577 | Lair:2   | Noticed Maggie
 14583 | Lair:2   | Killed Maggie
 15145 | Lair:2   | Noticed a boulder beetle
 15159 | Lair:2   | Killed a boulder beetle
 15407 | Lair:3   | Found a staircase to the Shoals.
 15407 | Lair:3   | Noticed a death yak
 15408 | Lair:3   | Noticed a death yak
 15408 | Lair:3   | Noticed a death yak
 15422 | Lair:3   | Noticed a death yak
 15423 | Lair:3   | Killed a death yak
 15499 | Lair:3   | Reached skill level 14 in Maces & Flails
 15536 | Lair:3   | Found a hole to the Spider Nest.
 15607 | Lair:3   | Noticed a death yak
 15616 | Lair:3   | Noticed a death yak
 15617 | Lair:3   | Killed a death yak
 15619 | Lair:3   | Killed a death yak
 15885 | Lair:2   | Killed a death yak
 15899 | Lair:2   | Killed a death yak
 15917 | Lair:3   | Killed a death yak
 16225 | Lair:4   | Noticed a four-headed hydra
 16238 | Lair:4   | Killed a one-headed hydra
 16239 | Lair:4   | Gained mutation: You are strongly in touch with the powers
                  | of death. [Mummy growth]
 16239 | Lair:4   | Reached XP level 13. HP: 68/103 MP: 16/19
 16460 | Lair:4   | Reached skill level 15 in Maces & Flails
 16777 | Lair:4   | Found a viscous altar of Jiyva.
 16777 | Lair:4   | Found a staircase to the Slime Pits.
 17160 | Lair:5   | Entered Level 5 of the Lair of Beasts
 17395 | Lair:5   | Slain by a cane toad

Illustrated notes

Levels and vault maps discovered:
D:1:      kb_arrival_jail, layout_basic, minmay_pentomino_u4
D:2:      layout_rooms, basic_altar, minmay_statues_item, hex_medium, uniq_robin
D:3:      layout_loops_ring, marbit_many_paths
D:4:      minmay_angry_zag, layout_cave_pools, hangedman_decor_push,
          lightli_minifort
D:5:      layout_loops_ring, grunt_decor_mini_mirrors
D:6:      gammafunk_wand_slinger, layout_basic, temple_fountains, serial_shops,
          nicolae_shop_waterfront, shop, uniq_edmund, uniq_eustachio,
          uniq_crazy_yiuf_cottage, uniq_prince_ribbit1
D:7:      layout_loops_corners, grunt_temple_overflow_open,
          yredelemnul_forgotten_temple_becter, nicolae_evil_shop, uniq_joseph
D:8:      layout_basic, mainiacjoe_overflow_concentric_impassable,
          lair_entry_dummy, st_stairs_2
D:9:      layout_loops_ring, kiku_gazebo_pond_becter, old_standard_altar
D:10:     gammafunk_indiana_jones, layout_loops_ring,
          nicolae_dithmenos_the_darkroom, evilmike_ruin_ashenzari,
          mainiacjoe_overflow_brackets, uniq_josephine, uniq_erica
D:11:     layout_stronghold, minmay_unpleasant_kobolds
Temple:   nicolae_temple_bog_church
Lair:1:   layout_gridlike, ebering_ghost_reflecting_pool, grunt_megastairs_4
Lair:2:   layout_layer_cave, infiniplex_staircase_pool_2, grunt_megastairs_3,
          lemuel_fruit_fields, uniq_maggie, uniq_gastronok
Lair:3:   layout_loops_ring, minmay_shoals_entry_centaurs, dummy_spider_entry,
          serial_bayou_crossing
Lair:4:   layout_long_grid, dpeg_slime_entry_corner, special_room
          [special_room_bee]
Lair:5:   wormcave, layout_regular_city, hangedman_lair_in_review, minivault_19,
          roderic_batcave

Skill      XL: |  1  2  3  4  5  6  7  8  9 10 11 12 13 |
---------------+----------------------------------------+-----
Fighting       | 4 5 6 8 9 10 | 10.0
Maces & Flails | 4 8 9 12 14 15 | 15.9
Invocations    | 3 4 7 9 |  9.0
Polearms       | |  2.4
Dodging        | |  2.4
Stealth        | |  1.5

Action                   |  1- 3 |  4- 6 |  7- 9 | 10-12 | 13-15 || total
-------------------------+-------+-------+-------+-------+-------++-------
Melee: Spear             |   124 |       |       |       |       ||   124
       Punch             |     1 |       |     1 |       |       ||     2
       Quarterstaff      |    12 |   133 |   153 |       |       ||   298
       Short sword       |       |       |   116 |       |       ||   116
       Great mace        |       |       |    56 |   489 |   116 ||   661
       Scimitar          |       |       |       |     4 |     6 ||    10
Throw: Dart              |       |     5 |    31 |    50 |     5 ||    91
       Throwing net      |       |       |       |       |     2 ||     2
Invok: Bend Time         |       |       |     2 |     7 |    13 ||    22
       Slouch            |       |       |       |     5 |     4 ||     9
Evoke: Wand              |       |       |    10 |    12 |     2 ||    24
       Lightning rod     |       |       |       |     1 |       ||     1
       Condenser vane    |       |       |       |     1 |       ||     1
  Use: Scroll            |     6 |       |     7 |     6 |     1 ||    20
 Stab: Sleeping          |     3 |       |       |       |       ||     3
Armor: Robe              |    20 |       |       |       |       ||    20
       Ring mail         |       |    50 |       |       |       ||    50
       Plate armour      |       |    47 |   177 |   359 |    76 ||   659
Dodge: Dodged            |    77 |    79 |   188 |   325 |    58 ||   727
